 Dungeon Crawl Stone Soup version 0.26.1-11-gd32895ea62 (webtiles) character file.

Game seed: 12437294971646834089

57 DildoBatman the Conjurer (level 4, -3/30 HPs)
             Began as a Formicid Conjurer on May 26, 2021.
             Slain by a goblin
             ... wielding a +0 club
             ... led by Robin
              (9 damage)
             ... on level 2 of the Dungeon.
             The game lasted 00:04:35 (1907 turns).

DildoBatman the Conjurer (Formicid Conjurer)        Turns: 1907, Time: 00:04:36

Health: -3/30      AC:  2    Str: 11    XL:     4   Next: 18%
Magic:  0/7        EV: 12    Int: 19    God:
Gold:   41         SH:  0    Dex:  9    Spells: 4/7 levels left

rFire    . . .     SeeInvis +   a - +0 hunting sling
rCold    . . .     Faith    .   (no shield)
rNeg     . . .     Spirit   .   g - +0 robe
rPois    +         Reflect  .   (helmet unavailable)
rElec    .         Harm     .   (no cloak)
rCorr    .         Rampage  .   (no gloves)
Will     .....                  (no boots)
Stlth    +++.......             (no amulet)
HPRegen  0.10/turn              p - ring of poison resistance
MPRegen  0.10/turn              e - ring of stealth

@: no status effects
A: permanent stasis, dig shafts and tunnels, four strong arms, antennae 3
a: Dig, Shaft Self


You were on level 2 of the Dungeon.
You visited 1 branch of the dungeon, and saw 2 of its levels.

You collected 41 gold pieces.

Inventory:

Hand Weapons
 a - a +0 hunting sling (weapon)
Missiles
 h - 36 stones (quivered ammo)
 j - 15 bolts
 n - 17 poisoned darts
Armour
 g - a +0 robe (worn)
Jewellery
 e - a ring of stealth (right hand)
 p - a ring of poison resistance (left hand)
Scrolls
 b - a scroll of fog {unknown}
 d - 6 scrolls of blinking {unknown}
 f - 2 scrolls of amnesia {unknown}
 i - a scroll of identify {unknown}
 l - a scroll of teleportation {unknown}
 m - a scroll of remove curse {unknown}
Potions
 c - 3 potions of flight {unknown}
 k - a potion of attraction {unknown}
 o - a potion of curing {unknown}
 q - a potion of resistance {unknown}


   Skills:
 - Level 1.7 Dodging
 - Level 2.4 Stealth
 - Level 2.1 Spellcasting
 * Level 5.0 Conjurations


You had 4 spell levels left.
You knew the following spells:

 Your Spells              Type           Power        Failure   Level
a - Searing Ray           Conj           42%          3%          2
c - Magic Dart            Conj           84%          2%          1

Your spell library contained the following spells:

 Spells                   Type           Power        Failure   Level
 Dazzling Flash           Conj/Hex       22%          19%         3
 Fulminant Prism          Conj/Hex       5%           52%         4
 Iskenderun's Mystic Bla  Conj/Tloc      11%          52%         4


Dungeon Overview and Level Annotations

Branches:
Dungeon (2/15)

Altars:
Fedhas

Annotations:
D:2 1 runed translucent door, exclusion: 2 sensed monsters (detected), Crazy Yiuf, Robin, Terence


Innate Abilities, Weirdness & Mutations

You cannot be hasted, slowed, berserked, paralysed or teleported.
You can dig through walls and to a lower floor.
Your four strong arms can wield two-handed weapons with a shield.
You have a pair of large antennae on your head. (SInv)


Message History

Press: ? - help, Shift-Dir - straight line, f/p - goblin
Aim: a goblin, wielding a +0 club (moderately wounded, strong, 0% to evade)
The magic dart hits the goblin.
The goblin is heavily wounded.
The goblin closely misses you.
You extend your mandibles.
You dig through the rock wall.
The goblin no longer looks unusually strong.
Robin roars a battlecry!
The goblin goes into a battle-frenzy!
The goblin closely misses you.
You retract your mandibles.
The goblin closely misses you. Robin closely misses you.
Robin is no longer moving quickly.
Robin says, "A pitiful Ant like you will never find the ORB!"
Robin throws the goblin at you! The goblin hits you with a +0 club.
The goblin hits you with a +0 club!
You die...

####.# #..#.#
#..#.# #..#.#
...#.# .).#.#
.#.#.#
...#.##############
................@g#
#################.#
#g# #.# #.# #.##
#..# #.## #.#


You could see Robin and a goblin (strong).

Vanquished Creatures
  2 worms (D:2)
  4 giant cockroaches
  12 goblins
  3 hobgoblins
  4 jackals (D:2)
  A ball python (D:1)
  8 bats
  2 frilled lizards (D:2)
  7 kobolds
  2 rats (D:2)
45 creatures vanquished.

Vanquished Creatures (others)
  A fungus (D:2)
  A plant (D:2)
2 creatures vanquished.

Grand Total: 47 creatures vanquished

Notes
Turn   | Place    | Note
-------+----------+-------------------------------------------
     0 | D:1      | DildoBatman the Formicid Conjurer began the quest for the
                  | Orb.
     0 | D:1      | Reached XP level 1. HP: 13/13 MP: 3/3
   161 | D:1      | Reached skill level 4 in Conjurations
   161 | D:1      | Reached XP level 2. HP: 3/19 MP: 0/5
   164 | D:1      | Learned a level 2 spell: Searing Ray
  1137 | D:2      | Reached XP level 3. HP: 24/24 MP: 6/6
  1221 | D:2      | Noticed Terence
  1549 | D:2      | Found a runed translucent door.
  1550 | D:2      | Noticed Crazy Yiuf
  1851 | D:2      | Noticed Robin
  1856 | D:2      | Found a blossoming altar of Fedhas.
  1874 | D:2      | Reached XP level 4. HP: 26/30 MP: 4/7
  1889 | D:2      | Reached skill level 5 in Conjurations
  1907 | D:2      | Slain by a goblin

Illustrated notes

Levels and vault maps discovered:
D:1:      enne_arrival_octagon_isle, layout_basic, hex_medium
D:2:      minmay_chambers_of_twos, layout_basic, tgw_fedhas,
          uniq_crazy_yiuf_cottage, uniq_terence, uniq_robin

Skill      XL: |  1  2  3  4 |
---------------+-------------+-----
Conjurations   | 4 5 |  5.0
Dodging        | |  1.7
Stealth        | |  2.4
Spellcasting   | |  2.1

Action                   |  1- 3 |  4- 6 || total
-------------------------+-------+-------++-------
Melee: Short sword       |    13 |       ||    13
 Fire: Hunting sling     |    38 |     1 ||    39
 Cast: Magic Dart        |    43 |     2 ||    45
       Searing Ray       |     3 |     1 ||     4
 Abil: Dig               |     9 |     4 ||    13
Armor: Robe              |    12 |     2 ||    14
Dodge: Dodged            |    36 |     8 ||    44
